 Dungeon Crawl Stone Soup version 0.26.1-11-gd32895ea62 (webtiles) character file.

Game seed: 14377378106254817980

515 Zeld the Cudgeller (level 7, 0/58 HPs)
             Began as a Purple Draconian Gladiator on June 14, 2021.
             Killed from afar by an orc wizard (3 damage)
             ... with a magic dart
             ... on level 3 of the Dungeon.
             The game lasted 00:06:40 (5631 turns).

Zeld the Cudgeller (Purple Draconian Gladiator)     Turns: 5631, Time: 00:06:40

Health: 0/58       AC:  7    Str: 18    XL:     7   Next: 0%
Magic:  7/7        EV: 13    Int:  9    God:
Gold:   214        SH:  0    Dex: 12    Spells: 6/6 levels left

rFire    . . .     SeeInvis .   a - +1 flail (vorpal)
rCold    . . .     Faith    .   (no shield)
rNeg     . . .     Spirit   .   (armour unavailable)
rPois    .         Reflect  .   b - +0 hat
rElec    .         Harm     .   l - +0 cloak
rCorr    .         Rampage  .   (no gloves)
Will     +....                  (no boots)
Stlth    +.........             (no amulet)
HPRegen  0.19/turn              (no ring)
MPRegen  0.10/turn              (no ring)

@: brilliant, short of breath
A: breathe power, unfitting armour, cold-blooded, AC +6
a: Breathe Dispelling Energy


You were on level 3 of the Dungeon.
You visited 1 branch of the dungeon, and saw 4 of its levels.

You collected 214 gold pieces.

Inventory:

Hand Weapons
 a - a +1 vorpal flail (weapon)
Missiles
 c - 2 throwing nets (quivered)
 f - 127 stones
 n - 2 javelins
 s - 4 boomerangs
Armour
 b - a +0 hat (worn)
 l - a +0 cloak (worn)
Scrolls
 d - 2 scrolls of teleportation {unknown}
 e - a scroll of amnesia {unknown}
 g - 4 scrolls of identify {unknown}
 i - 4 scrolls of remove curse {unknown}
 r - a scroll of random uselessness {unknown}
Potions
 h - a potion of resistance {unknown}
 j - a potion of magic {unknown}
 k - a potion of curing {unknown}
 m - 2 potions of brilliance
 o - a potion of cancellation {unknown}
 p - 2 potions of mutation {unknown}
 q - a potion of heal wounds {unknown}


   Skills:
 + Level 3.8 Fighting
 * Level 5.2 Maces & Flails
 * Level 4.1 Throwing
 + Level 3.8 Dodging


You had 6 spell levels left.
You didn't know any spells.
Your spell library was empty.

Dungeon Overview and Level Annotations

Branches:
Dungeon (4/15)
 Temple: D:4-7

Altars:
Cheibriados
Fedhas
Makhleb
Wu Jian


Innate Abilities, Weirdness & Mutations

You can breathe bolts of dispelling energy.
Your rich purple scales are hard. (AC +6)
You cannot fit into any form of body armour.
You are cold-blooded and may be slowed by cold attacks.


Message History

You have got your breath back.
The orc wizard gestures at you while chanting.
The puff of frost hits you but does no damage.
The orc priest hits you with a +0 whip.
* * * LOW HITPOINT WARNING * * *
You hit the orc wizard.
The orc wizard is severely wounded.
The orc wizard closely misses you. The orc priest hits you with a +0 whip.
* * * LOW HITPOINT WARNING * * *
The orc wizard points at you and mumbles some strange words.
The puff of flame hits you.
* * * LOW HITPOINT WARNING * * *
Press: ? - help, Shift-Dir - straight line You breathe a bolt of dispelling energy.
The bolt of dispelling energy misses the orc wizard.
The orc priest hits you with a +0 whip.
* * * LOW HITPOINT WARNING * * *
The orc wizard gestures at you while chanting.
The magic dart hits you.
You die...

..# #........###.# ..#
#..#########.##
#.###..#P.P.# #...#
#.#....#P#### #...#
....#..#P# #...#
#...#..#.# ##<##
#...#..### #[# .......#
#o# ....#.## #@#
.#.##.### #o######
.#......# #......#
.####.#.# ##.####.#
.####.#.#######.......#
......#.#.......#######
#######.........#b.PP#
########..#.#### ##
#..#P#


You could see an orc priest and an orc wizard.

Vanquished Creatures
  An ice beast (D:4)
  A scorpion (D:4)
  A hound (D:4)
  An orc priest (D:3)
  3 orc wizards
  A bullfrog skeleton (D:4)
  An iguana (D:4)
  A hound skeleton (D:3)
  A gnoll (D:1)
  6 adders
  An ooze (D:3)
  5 worms
  2 dart slugs (D:1)
  2 leopard geckos
  14 orcs
  2 ball pythons (D:1)
  2 giant cockroaches
  11 goblins
  7 hobgoblins
  2 jackals (D:4)
  5 kobolds
  2 quokkas
  3 bats (D:1)
  5 frilled lizards
  A rat (D:1)
81 creatures vanquished.

Notes
Turn   | Place    | Note
-------+----------+-------------------------------------------
     0 | D:1      | Zeld the Draconian Gladiator began the quest for the Orb.
     0 | D:1      | Reached XP level 1. HP: 17/17 MP: 1/1
    48 | D:1      | Reached XP level 2. HP: 12/25 MP: 2/2
   696 | D:1      | Reached XP level 3. HP: 30/30 MP: 3/3
  2374 | D:3      | Reached XP level 4. HP: 36/37 MP: 4/4
  2692 | D:3      | Reached skill level 4 in Maces & Flails
  2836 | D:3      | Found a snail-covered altar of Cheibriados.
  3184 | D:3      | Reached XP level 5. HP: 30/45 MP: 5/5
  3356 | D:3      | Found a burning altar of Makhleb.
  3359 | D:3      | Found an ornate altar of the Wu Jian Council.
  3925 | D:3      | Found a blossoming altar of Fedhas.
  4117 | D:4      | Reached XP level 6. HP: 14/51 MP: 6/6
  4745 | D:4      | Noticed an ice beast
  4759 | D:4      | Killed an ice beast
  4760 | D:4      | Reached skill level 5 in Maces & Flails
  5323 | D:3      | Your scales start taking on a rich purple colour.
  5323 | D:3      | Reached XP level 7. HP: 58/58 MP: 7/7
  5631 | D:3      | Killed from afar by an orc wizard

Illustrated notes

Levels and vault maps discovered:
D:1:      matt_arrival_los_fun, layout_loops_corners, minivault_24,
          solitary_fountain, kennysheep_small_spiral, eino_curves_03
D:2:      layout_loops_ring
D:3:      layout_loops_cross, nicolae_overflow_hidden_temple,
          lemuel_doored_altar, serial_aquarium, aquarium_bridge_square
          [aquarium_subvault_bridge, aquarium_subvault_bridge,
          aquarium_subvault_bridge, aquarium_subvault_wall],
          aquarium_window_corner, aquarium_window_1, aquarium_window_corner,
          aquarium_window_1, aquarium_view_2e, aquarium_view_2b
D:4:      layout_cave_pods, minmay_manual_monstrance

Skill      XL: |  1  2  3  4  5  6 |
---------------+-------------------+-----
Throwing       | 2 3 4 |  4.1
Dodging        | 3 |  3.8
Maces & Flails | 4 5 |  5.2
Fighting       | 3 |  3.8

Action                   |  1- 3 |  4- 6 |  7- 9 || total
-------------------------+-------+-------+-------++-------
Melee: Flail             |    86 |   194 |     9 ||   289
       Tailslap          |    10 |    30 |     1 ||    41
Throw: Throwing net      |       |     1 |       ||     1
 Abil: Breathe Dispellin |       |       |     2 ||     2
  Use: Potion            |       |       |     1 ||     1
Armor: Skin              |    26 |    63 |     4 ||    93
Dodge: Dodged            |    62 |   140 |     6 ||   208
